[Event "Titled Tuesday Blitz May 9 Early 2023"]
[White "Spalir, Jernej"]
[Black "bubeliang"]
[WhiteFideId "14606518"]
[WhiteElo "2282"]
[BlackElo "2645"]
[Result "0-1"]
[Round "08"]
[TimeControl "180+2"]
[Date "2023.05.09"]
[WhiteClock "0:00:28"]
[BlackClock "0:00:14"]

1. d4 d5 2. c4 e6 3. Nf3 Nf6 4. Nc3 c5 5. cxd5 exd5 6. g3 Nc6 7. Bg2 Be7 8. O-O O-O 9. Bg5 c4 10. Ne5 Be6 11. f4 Ng4 12. Bxe7 Nxe7 13. Qd2 f6 14. Nxg4 Bxg4 15. f5 Bxf5 16. Nxd5 Nxd5 17. Rxf5 Nb6 18. Bxb7 Rb8 19. Bg2 Qe7 20. e4 Rbd8 21. Rd1 Rd6 22. Qb4 Rfd8 23. Rf2 R8d7 24. Rfd2 Qd8 25. Bh3 Re7 26. e5 fxe5 27. dxe5 Rd3 28. Rxd3 cxd3 29. e6 Rc7 30. Qb3 Qd4+ 31. Kh1 Qe4+ 32. Bg2 Qc4 33. Qxc4 Rxc4 34. Kg1 Rd4 35. Kf2 Nc4 36. b3 Ne5 37. Ke3 Rd6 38. Bh3 Kf8 39. Ke4 Nc6 40. Rxd3 Rxd3 41. Kxd3 Nb4+ 42. Kc4 Nxa2 43. Kb5 Nc1 44. b4 Nd3 45. Bf5 Ne5 46. Bxh7 Ke7 47. Bf5 g6 48. Bh3 Nf3 49. Bg4 Nd4+ 50. Ka6 Kd6 51. Kxa7 Nc6+ 52. Kb6 Nxb4 53. Kb5 Nd5 54. h4 Ne3 55. Bh3 Nd1 56. Kc4 Nf2 57. Bg2 Kxe6 58. Bf3 Ke5 59. Kc3 Ne4+ 60. Bxe4 Kxe4 61. g4 Kf4 62. g5 Kg4 63. h5 Kxh5 64. Kd4 Kxg5 65. Ke3 Kg4 66. Kf2 Kh3 67. Kf3 g5 68. Kf2 g4 69. Kg1 Kg3 70. Kh1 Kf2 71. Kh2 g3+ 72. Kh3 g2 73. Kg4 g1=Q+ 74. Kf4 Qg3+ 75. Ke4 Qf3+ 76. Ke5 Kg3 77. Kd4 Kg4 78. Kc5 Kf4 79. Kd6 Qe4 80. Kd7 Ke5 81. Kd8 Qb7 82. Ke8 Ke6 83. Kf8 Qf7# 0-1


[Site "https://www.chess.com"]

[Event "Titled Tuesday Blitz May 9 Early 2023"]
[White "Nguyen Hong Nhung"]
[Black "Manukyan, Sargis A."]
[WhiteFideId "12412201"]
[BlackFideId "13303970"]
[WhiteElo "1996"]
[BlackElo "2187"]
[Result "0-1"]
[Round "08"]
[TimeControl "180+2"]
[Date "2023.05.09"]
[WhiteClock "0:00:00"]
[BlackClock "0:01:45"]

1. e4 c5 2. Nc3 d6 3. f4 Nc6 4. Nf3 g6 5. Bc4 Bg7 6. O-O e6 7. d3 Nge7 8. Qe1 O-O 9. f5 gxf5 10. Qh4 fxe4 11. Ng5 h6 12. Ncxe4 Nf5 13. Qh5 d5 14. g4 dxe4 15. gxf5 hxg5 16. Bxg5 Qd4+ 17. Kh1 exf5 18. Rf4 Be6 19. Rh4 Rfe8 20. Qh7+ Kf8 21. Bh6 Bxh6 22. Qxh6+ Qg7 23. Qf4 Bxc4 24. Rg1 Qf6 25. Rh6 Qe5 26. Qg5 exd3 27. Qg8+ Ke7 28. Qg5+ Kd7 0-1


[Site "https://www.chess.com"]

[Event "Titled Tuesday Blitz May 9 Early 2023"]
[White "Rodchenkov, Sergey D."]
[Black "Girya, Olga"]
[WhiteFideId "4168712"]
[BlackFideId "4195752"]
[WhiteElo "2277"]
[BlackElo "2263"]
[Result "0-1"]
[Round "08"]
[TimeControl "180+2"]
[Date "2023.05.09"]
[WhiteClock "0:00:11"]
[BlackClock "0:00:05"]

1. e4 e5 2. Nf3 Nc6 3. Bc4 Bc5 4. O-O Nf6 5. d3 d6 6. c3 O-O 7. Nbd2 a5 8. h3 h6 9. Re1 Be6 10. Bb5 Na7 11. Ba4 b5 12. Bc2 Nc6 13. Nf1 Bb6 14. a4 b4 15. Ng3 bxc3 16. bxc3 Re8 17. Nh4 Nxe4 18. Rxe4 d5 19. Rg4 Qf6 20. Be3 Bxg4 21. Qxg4 Bxe3 22. fxe3 Qg5 23. Qxg5 hxg5 24. Nf3 Rab8 25. Nxg5 Rb2 26. Rc1 Reb8 27. Nf3 f6 28. Kf2 Ra2 29. Ke2 Rbb2 30. Kd1 Ne7 31. Nd2 Nc8 32. e4 Nb6 33. exd5 Nxd5 34. Bb3 Rxd2+ 35. Ke1 c6 36. Bxa2 Rxa2 37. Ne4 Rxg2 38. c4 Nb4 39. Rc3 Ra2 40. Nc5 Rh2 41. Kf1 Rxh3 42. Kg2 Re3 43. Kf2 Rh3 44. Kg2 Rh4 45. Nb7 Rd4 46. Nxa5 Rxd3 47. Rc1 Ra3 48. Rb1 c5 49. Nb7 Ra2+ 50. Kf3 Rxa4 51. Nxc5 Ra3+ 52. Ke4 Nc6 53. Kf5 Nd4+ 54. Ke4 Ra2 55. Kd5 Rd2 56. Ne4 Rd3 57. Kc5 Nf3 58. Rb8+ Kh7 59. Rb7 f5 60. Nf6+ Kg6 61. Nd5 Nd2 62. Rb6+ Kg5 63. Kb5 Ne4 64. c5 Rxd5 65. Kb4 Rxc5 66. Rb7 Rd5 67. Rxg7+ Kf4 68. Rc7 Rd4+ 69. Kb3 Nd2+ 70. Kb2 Nf3 71. Kc2 e4 72. Rc3 Ke5 73. Rxf3 exf3 74. Kc3 Ke4 75. Kb3 Rd3+ 0-1


[Site "https://www.chess.com"]

[Event "Titled Tuesday Blitz May 9 Early 2023"]
[White "Guerra Tulcan, Lenin"]
[Black "Petrovic, Aleksa"]
[WhiteFideId "3601382"]
[BlackFideId "967629"]
[WhiteElo "2368"]
[BlackElo "2309"]
[Result "1-0"]
[Round "08"]
[TimeControl "180+2"]
[Date "2023.05.09"]
[WhiteClock "0:01:55"]
[BlackClock "0:01:31"]

1. e4 d5 2. exd5 Qxd5 3. d4 e5 4. Nf3 exd4 5. Qxd4 Qxd4 6. Nxd4 Bb4+ 7. c3 Bc5 8. Nb5 Na6 9. Bf4 Bb6 10. N1a3 Bd7 11. Nc4 Bxb5 12. Nxb6 axb6 13. Bxb5+ c6 14. Bxa6 Rxa6 15. O-O-O Rxa2 16. Rhe1+ Ne7 17. Bd6 Ra1+ 18. Kc2 Rxd1 19. Kxd1 1-0


[Site "https://www.chess.com"]

[Event "Titled Tuesday Blitz May 9 Early 2023"]
[White "Bethke, Richard"]
[Black "Ambartsumova, Karina"]
[WhiteFideId "12959243"]
[BlackFideId "4166299"]
[WhiteElo "2369"]
[BlackElo "2240"]
[Result "0-1"]
[Round "08"]
[TimeControl "180+2"]
[Date "2023.05.09"]
[WhiteClock "0:00:00"]
[BlackClock "0:00:11"]

1. e4 e5 2. Nf3 Nc6 3. Bc4 Bc5 4. O-O Nf6 5. d3 O-O 6. h3 d5 7. exd5 Nxd5 8. Re1 Re8 9. Nbd2 Nb6 10. Bb3 Bf5 11. Ne4 Bf8 12. Bg5 Qd7 13. Qe2 a5 14. a4 Be6 15. Bxe6 Rxe6 16. Be3 Nd4 17. Bxd4 exd4 18. Qd2 Bb4 19. c3 dxc3 20. bxc3 Be7 21. d4 h6 22. Ne5 Qd5 23. Qf4 Nc4 24. Nd3 Nd6 25. Nec5 Rxe1+ 26. Rxe1 Bg5 27. Qg3 b6 28. Nd7 Rd8 29. N7e5 Ne4 30. Qg4 Nxc3 31. h4 Bf6 32. Rc1 Qxd4 33. Qxd4 Ne2+ 34. Kf1 Nxd4 35. Rxc7 Ne6 36. Rd7 Rxd7 37. Nxd7 Bd4 38. f4 f5 39. Ke2 Kf7 40. N7e5+ Ke7 41. Nc4 Kd7 42. Kf3 Kc6 43. g4 fxg4+ 44. Kxg4 Bc3 45. Nde5+ Kc5 46. f5 Nd8 47. Kh5 b5 48. axb5 Kxb5 49. Kg6 a4 50. Kxg7 Nc6 51. f6 Nxe5 52. Nd6+ Kc6 0-1


[Site "https://www.chess.com"]

[Event "Titled Tuesday Blitz May 9 Early 2023"]
[White "Antal, Gergely"]
[Black "cristianserban1"]
[WhiteFideId "717312"]
[WhiteElo "2471"]
[BlackElo "2494"]
[Result "1-0"]
[Round "08"]
[TimeControl "180+2"]
[Date "2023.05.09"]
[WhiteClock "0:02:44"]
[BlackClock "0:01:52"]

1. Nc3 g6 2. h4 Bg7 3. h5 d6 4. d4 Nf6 5. h6 Bf8 6. e4 e5 7. dxe5 dxe5 8. Qxd8+ Kxd8 9. Bg5 Be7 10. Nf3 Nfd7 11. Bxe7+ Kxe7 12. Nd5+ Kd8 13. Ng5 Ke8 14. Nxc7+ Ke7 15. Nxa8 1-0


[Site "https://www.chess.com"]

[Event "Titled Tuesday Blitz May 9 Early 2023"]
[White "Korelskiy, Egor"]
[Black "Sourath Biswas"]
[WhiteFideId "34329064"]
[BlackFideId "35091484"]
[WhiteElo "2156"]
[BlackElo "2171"]
[Result "1-0"]
[Round "08"]
[TimeControl "180+2"]
[Date "2023.05.09"]
[WhiteClock "0:00:44"]
[BlackClock "0:00:04"]

1. e4 c6 2. Nc3 d5 3. Nf3 Bg4 4. h3 Bxf3 5. Qxf3 e6 6. a3 Bc5 7. d3 Nd7 8. Bd2 Qb6 9. Na4 Qb5 10. b3 d4 11. Nxc5 Qxc5 12. Qd1 Qe7 13. Be2 Ngf6 14. O-O O-O 15. f4 c5 16. a4 b6 17. Bf3 Rab8 18. Qe2 a6 19. e5 Nd5 20. Bxd5 exd5 21. Qf3 Qe6 22. Rae1 Rbe8 23. f5 Qc6 24. Bf4 b5 25. axb5 axb5 26. Qg3 Kh8 27. Qg4 f6 28. e6 Nb6 29. Ra1 Ra8 30. h4 Rxa1 31. Rxa1 Ra8 32. Re1 Re8 33. h5 Nc8 34. h6 Qb7 35. hxg7+ Qxg7 36. Qh4 Rg8 37. Re2 Qf8 38. g4 Qg7 39. Rg2 Qe7 40. g5 Nd6 41. gxf6 Rxg2+ 42. Kxg2 Qf8 43. Bxd6 Qxd6 44. f7 Kg7 45. Qg5+ Kf8 46. Qg8+ Ke7 47. f8=Q# 1-0


[Site "https://www.chess.com"]

[Event "Titled Tuesday Blitz May 9 Early 2023"]
[White "WindWhistler11"]
[Black "Berezin, Viktor"]
[BlackFideId "14107872"]
[WhiteElo "2488"]
[BlackElo "2310"]
[Result "1-0"]
[Round "08"]
[TimeControl "180+2"]
[Date "2023.05.09"]
[WhiteClock "0:00:06"]
[BlackClock "0:00:02"]

1. Nf3 Nf6 2. g3 g6 3. c4 Bg7 4. Bg2 O-O 5. O-O d6 6. d3 Nc6 7. Qc2 e5 8. a3 a5 9. b3 Nd7 10. Bb2 Nc5 11. Nbd2 Ne6 12. e3 h6 13. Bc3 f5 14. b4 f4 15. b5 Ne7 16. d4 fxe3 17. fxe3 exd4 18. exd4 d5 19. Ne5 g5 20. Ng6 Nxg6 21. Qxg6 c6 22. bxc6 bxc6 23. cxd5 cxd5 24. Nc4 Ra6 25. Ne3 Nf4 26. Qc2 Nxg2 27. Qxg2 Be6 28. Rxf8+ Qxf8 29. Nxd5 Qd6 30. Ne3 Bxd4 31. Bxd4 Qxd4 32. Re1 Bf7 33. Qf2 Rf6 34. Qc2 Rf3 35. Qc8+ Kg7 36. Qc1 Qf6 37. Kh1 Rf2 38. Qd1 Ra2 39. Rf1 Qc6+ 40. Kg1 Rb2 41. Qd4+ Kg8 42. Qd8+ Kh7 43. Qd3+ Kg7 44. Qd4+ Kg8 45. Qxb2 Qe4 46. Qf2 Qe7 47. Nf5 Qf6 48. Qe3 Kh7 49. Ne7 Qg7 50. Qe4+ Kh8 51. Nf5 Qf6 52. Qa8+ Kh7 53. Qe4 Qb6+ 54. Kg2 Bg6 55. g4 Be8 56. Qe7+ Kh8 57. Qg7# 1-0


[Site "https://www.chess.com"]

[Event "Titled Tuesday Blitz May 9 Early 2023"]
[White "feuervogel1000000"]
[Black "Sharapov, Evgeny"]
[BlackFideId "14103133"]
[WhiteElo "2464"]
[BlackElo "2367"]
[Result "1/2-1/2"]
[Round "08"]
[TimeControl "180+2"]
[Date "2023.05.09"]
[WhiteClock "0:00:16"]
[BlackClock "0:00:09"]

1. d4 Nf6 2. c4 e6 3. Nc3 d5 4. cxd5 exd5 5. Bg5 c6 6. e3 h6 7. Bh4 Be7 8. Bd3 O-O 9. Nge2 Nbd7 10. Qc2 Re8 11. O-O-O a5 12. f3 a4 13. e4 a3 14. e5 axb2+ 15. Kb1 Ne4 16. fxe4 Bxh4 17. exd5 cxd5 18. Nxd5 Qa5 19. Nec3 Nf8 20. Bc4 Be6 21. Bb3 b5 22. Ne4 Rec8 23. Nc5 Nd7 24. Rhf1 Nxc5 25. dxc5 b4 26. c6 Ra6 27. c7 Bxd5 28. Rxd5 Qxc7 29. Qxc7 Rxc7 30. Rd4 Bg5 31. Kxb2 Ra5 32. h4 Be3 33. Re4 Bd2 34. e6 Bc3+ 35. Kb1 fxe6 36. Bxe6+ Kh7 37. Bb3 g6 38. Re8 Rf5 39. Rxf5 gxf5 40. Bc2 Kg6 41. Re6+ Kg7 42. Bxf5 Rc5 43. g4 Bf6 44. h5 Bg5 45. Re1 Bd2 46. Re2 Bg5 47. Kb2 Bf6+ 48. Kb3 Bc3 49. Re7+ Kf6 50. Re6+ Kg5 51. Rg6+ Kf4 52. Rxh6 Bd2 53. Re6 Rc3+ 54. Kb2 Bc1+ 55. Kb1 Ba3 56. Re4+ Kg5 57. Re1 Kh6 58. Rg1 Kg5 59. Rh1 Kh6 60. Bc2 Re3 61. Bb3 Rg3 62. Bd1 Rg2 63. Bc2 Rxg4 64. Bd3 Rg3 65. Kc2 Rg2+ 66. Kb3 Rg3 67. Kc4 Rg4+ 68. Kd5 Rg2 69. Bc4 Rd2+ 70. Kc6 Rc2 71. Kb5 Rc3 72. Bb3 Rg3 73. Re1 Rg5+ 74. Ka4 Kxh5 75. Re6 Kg4 76. Bd1+ Kf4 77. Re1 Re5 78. Rf1+ Ke3 79. Bb3 Kd4 80. Rd1+ Kc3 81. Rd8 Rc5 82. Rd1 Kb2 83. Rd2+ Kc1 84. Rd4 Kb2 85. Rd6 Kc1 86. Rf6 Kb2 87. Rf2+ Kc1 88. Re2 Rc3 89. Kb5 Rd3 90. Kc4 Rd2 91. Re1+ Kb2 92. Re3 Rh2 93. Kd4 Rh4+ 94. Kd3 Rh2 95. Re4 Rh3+ 96. Kc4 Rh2 97. Kd4 Rd2+ 98. Ke3 Rh2 99. Rf4 Rh3+ 100. Kd4 Rh2 101. Rf1 Rd2+ 102. Ke3 Rh2 103. Bc4 Rh3+ 104. Ke4 Rh4+ 105. Kd5 Rh5+ 106. Kd4 Rh4+ 107. Kd5 Rh5+ 108. Kc6 Rh6+ 109. Kb5 Rh5+ 110. Ka4 Rh2 111. Bb3 Rg2 112. Rf3 Rh2 113. Re3 Rg2 114. Bd5 Rf2 115. Rb3+ Kc2 116. Be4+ Kd2 117. Bb1 Ke2 118. Kb5 Rf3 119. Bc2 Rxb3 120. Bxb3 Kd2 121. Bc4 Kc3 122. Bb3 Kb2 123. Ka4 Kc3 124. Ka5 Kd4 125. Ka6 Kc3 126. Ka7 Kd4 127. Kb7 Kc3 128. Ka6 Kd4 129. Kb5 Kc3 130. Ka4 Kd4 131. Kb5 Kc3 132. Ka4 Kd4 133. Kb5 1/2-1/2


[Site "https://www.chess.com"]

[Event "Titled Tuesday Blitz May 9 Early 2023"]
[White "Shaik Sumer Arsh"]
[Black "Pinto, Daniel"]
[WhiteFideId "45020000"]
[BlackFideId "3303144"]
[WhiteElo "2350"]
[BlackElo "2145"]
[Result "0-1"]
[Round "08"]
[TimeControl "180+2"]
[Date "2023.05.09"]
[WhiteClock "0:00:05"]
[BlackClock "0:00:09"]

1. d4 Nf6 2. c4 c5 3. d5 d6 4. Nc3 g6 5. e4 Bg7 6. Nf3 O-O 7. Be2 e6 8. O-O exd5 9. exd5 Re8 10. h3 Ne4 11. Nxe4 Rxe4 12. Bd3 Re8 13. Rb1 Nd7 14. Bf4 Ne5 15. Nxe5 Bxe5 16. Bxe5 Rxe5 17. f4 Re3 18. Qd2 Rxd3 19. Qxd3 Bf5 20. Qb3 Bxb1 21. Rxb1 Qe7 22. Rf1 Re8 23. Kh2 b6 24. Qa4 f5 25. b4 cxb4 26. Qxb4 Kf7 27. Qa4 Qc7 28. Kg3 Re4 29. Rc1 Qc5 30. Kh2 Qc7 31. Kg3 Qc5 32. Kh2 Re7 33. Rf1 h5 34. h4 Qc7 35. Rc1 Re4 36. Kg3 Re3+ 37. Kh2 Qe7 38. g3 Re2+ 39. Kh3 Qe4 40. Qd7+ Kg8 41. Rg1 Qf3 42. Qd8+ Kg7 43. Qd7+ Kh6 44. Qd8 Qg4# 0-1


[Site "https://www.chess.com"]

[Event "Titled Tuesday Blitz May 9 Early 2023"]
[White "Omranalhosani21"]
[Black "electrosaw"]
[WhiteElo "2591"]
[BlackElo "2461"]
[Result "1-0"]
[Round "08"]
[TimeControl "180+2"]
[Date "2023.05.09"]
[WhiteClock "0:01:31"]
[BlackClock "0:01:48"]

1. e4 c5 2. Nf3 g6 3. Bd3 Nc6 4. O-O Bg7 5. c3 Nf6 6. Bc2 O-O 7. d4 cxd4 8. cxd4 d5 9. e5 Ne4 10. Nc3 Nxc3 11. bxc3 f6 12. exf6 exf6 13. h3 Be6 14. Rb1 Rb8 15. Bf4 Rc8 16. Rxb7 Na5 17. Rxa7 Nc4 18. Re1 Bf7 19. Ree7 Ra8 20. Bb3 Rxa7 21. Rxa7 Qb6 22. Re7 Qa5 23. Qe1 Rc8 24. Bxc4 Rxc4 25. Re8+ Bxe8 26. Qxe8+ Bf8 27. Bd6 1-0


[Site "https://www.chess.com"]

[Event "Titled Tuesday Blitz May 9 Early 2023"]
[White "SashaKuzhilniy"]
[Black "Gurevich, Dmitry"]
[BlackFideId "2000407"]
[WhiteElo "2584"]
[BlackElo "2506"]
[Result "1/2-1/2"]
[Round "08"]
[TimeControl "180+2"]
[Date "2023.05.09"]
[WhiteClock "0:00:05"]
[BlackClock "0:00:06"]

1. b3 d5 2. Bb2 c5 3. e3 a6 4. Nf3 Nc6 5. d4 Bg4 6. Be2 Bxf3 7. Bxf3 cxd4 8. exd4 Nf6 9. O-O g6 10. c4 Bg7 11. c5 O-O 12. Re1 b6 13. Nc3 e6 14. Na4 bxc5 15. dxc5 Rb8 16. Qe2 a5 17. Rad1 Re8 18. h3 Nd7 19. Bc1 Nde5 20. Qe3 Rb4 21. Bd2 Rd4 22. Bc3 Nxf3+ 23. Qxf3 Rxd1 24. Rxd1 Qa8 25. Bxg7 Kxg7 26. h4 h5 27. Qc3+ f6 28. Nb6 Qd8 29. Nc4 d4 30. Qf3 Qd5 31. Nd6 Rb8 32. Qxd5 exd5 33. Kf1 a4 34. bxa4 Ra8 35. Rd3 Rxa4 36. a3 Ra5 37. Rf3 Rxc5 38. Ne8+ Kf7 39. Nxf6 Ke6 40. Nh7 Ne5 41. Ng5+ Ke7 42. Rb3 Rc3 43. Rb7+ Kd6 44. Nf7+ Ke6 45. Nxe5 Kxe5 46. a4 d3 47. Ke1 Kd4 48. a5 Rc1+ 49. Kd2 Rc2+ 50. Kd1 Ra2 51. Rb5 Kc4 52. Rb6 Rxa5 53. Rxg6 Ra1+ 54. Kd2 Ra2+ 55. Kd1 Rxf2 56. Rg5 Kd4 57. Rxh5 Rxg2 58. Rg5 Rh2 59. h5 Kc3 60. Ke1 Rh1+ 61. Kf2 d2 62. Rxd5 d1=Q 63. Rxd1 Rxd1 64. Ke3 Rd8 65. Kf4 Rh8 66. Kg5 Kd4 67. h6 Ke5 68. Kg6 Ke6 69. Kg7 Ra8 70. h7 Ra7+ 71. Kg6 Ra8 72. Kg7 Ra7+ 73. Kg6 Ra8 74. Kg7 1/2-1/2


[Site "https://www.chess.com"]

[Event "Titled Tuesday Blitz May 9 Early 2023"]
[White "Frolyanov, Dmitry"]
[Black "Garakov, Mikhael"]
[WhiteFideId "4151976"]
[BlackFideId "4169034"]
[WhiteElo "2395"]
[BlackElo "2347"]
[Result "1-0"]
[Round "08"]
[TimeControl "180+2"]
[Date "2023.05.09"]
[WhiteClock "0:00:55"]
[BlackClock "0:00:00"]

1. d4 Nf6 2. c4 c5 3. d5 e6 4. Nc3 exd5 5. cxd5 d6 6. Nf3 g6 7. Bf4 a6 8. e3 b5 9. Be2 b4 10. Na4 Bg7 11. a3 bxa3 12. Rxa3 O-O 13. O-O Nh5 14. Bg5 Qc7 15. Nd2 Nf6 16. Nc4 Nbd7 17. Bf4 Ne8 18. Nc3 Nb6 19. Nxb6 Qxb6 20. Rb3 Qc7 21. Ne4 Bf5 22. Ng3 Bd7 23. Qd2 a5 24. h4 a4 25. Rc3 Qa5 26. Ne4 f5 27. Nxd6 a3 28. Nc4 Bxc3 29. bxc3 Qa7 30. Qa2 Nf6 31. Ne5 Be8 32. Bc4 Kg7 33. d6 Qb7 34. Rb1 Qe4 35. f3 Qxb1+ 36. Qxb1 Ba4 37. Qb7+ 1-0


[Site "https://www.chess.com"]

[Event "Titled Tuesday Blitz May 9 Early 2023"]
[White "Nikologorskiy, Konstantin"]
[Black "Fernandez Garcia, Gumersindo"]
[WhiteFideId "24111708"]
[BlackFideId "24516740"]
[WhiteElo "2273"]
[BlackElo "2093"]
[Result "1-0"]
[Round "08"]
[TimeControl "180+2"]
[Date "2023.05.09"]
[WhiteClock "0:00:07"]
[BlackClock "0:00:03"]

1. d4 Nf6 2. c4 d6 3. Nf3 Nbd7 4. Nc3 e5 5. e4 g6 6. Be2 Bg7 7. O-O O-O 8. Be3 Re8 9. d5 Nh5 10. g3 Bf8 11. b4 a5 12. a3 b6 13. Ne1 Ng7 14. Nd3 f5 15. Rc1 Ba6 16. Nb2 axb4 17. axb4 Be7 18. Re1 Rf8 19. c5 Bxe2 20. Qxe2 bxc5 21. bxc5 Nxc5 22. Bxc5 dxc5 23. Nc4 Bd6 24. exf5 Nxf5 25. Kg2 Nd4 26. Qg4 Qf6 27. Ne4 Qf7 28. Ne3 Ra2 29. Rf1 Kg7 30. Ra1 h5 31. Qd1 Rb2 32. Ra7 Rb3 33. Nxd6 Qd7 34. Ne4 Rb2 35. Nxc5 Qb5 36. Rxc7+ Kh6 37. Ne4 Nf3 38. d6 Qb6 39. Rc2 Rb3 40. Nd5 Qb7 41. Rc7 Qa8 42. Qc1+ g5 43. Qc6 Qa2 44. d7+ Kg7 45. d8=Q+ 1-0


[Site "https://www.chess.com"]

[Event "Titled Tuesday Blitz May 9 Early 2023"]
[White "Golubev, Mikhail"]
[Black "Hayrapetyan, Hovik"]
[WhiteFideId "14100983"]
[BlackFideId "13302639"]
[WhiteElo "2374"]
[BlackElo "2348"]
[Result "1/2-1/2"]
[Round "08"]
[TimeControl "180+2"]
[Date "2023.05.09"]
[WhiteClock "0:00:13"]
[BlackClock "0:00:13"]

1. e4 c5 2. Nf3 d6 3. d4 cxd4 4. Nxd4 Nf6 5. Nc3 a6 6. Bc4 e6 7. O-O b5 8. Bb3 Bb7 9. Re1 Nbd7 10. a4 b4 11. Nd5 Nc5 12. Bg5 Nxb3 13. cxb3 Be7 14. Nxe7 Qxe7 15. Nf5 exf5 16. exf5 Be4 17. Bxf6 gxf6 18. f3 d5 19. fxe4 Qc5+ 20. Kh1 d4 21. Rc1 Qe5 22. Rc4 Rd8 23. Qd3 O-O 24. Rd1 a5 25. Rxd4 Rxd4 26. Qxd4 Qxd4 27. Rxd4 Rc8 28. h3 Rc2 29. Rd5 Rxb2 30. Rxa5 Rxb3 31. Rb5 Rb1+ 32. Kh2 b3 33. a5 Ra1 34. Rxb3 Rxa5 35. Kg3 Ra2 36. Kf3 Kg7 37. Re3 h6 38. Re2 Ra3+ 39. Kf4 Ra4 40. Re3 Rb4 41. Rg3+ Kh7 42. h4 Ra4 43. h5 Rb4 44. Rg4 Ra4 45. Ke3 Ra5 46. Kd4 Rb5 47. Rf4 Ra5 48. Rf2 Kg7 49. g4 Ra4+ 50. Kd5 Ra5+ 51. Kc6 Re5 52. Re2 Kf8 53. Kd6 Kg7 54. Re3 Kf8 55. Re2 Kg7 56. Re3 Kf8 57. Re2 1/2-1/2


[Site "https://www.chess.com"]

[Event "Titled Tuesday Blitz May 9 Early 2023"]
[White "brm72"]
[Black "Hadzimanolis, Antonios"]
[BlackFideId "4202813"]
[WhiteElo "2579"]
[BlackElo "2242"]
[Result "0-1"]
[Round "08"]
[TimeControl "180+2"]
[Date "2023.05.09"]
[WhiteClock "0:00:32"]
[BlackClock "0:00:15"]

1. e4 e5 2. Nf3 Nc6 3. Bc4 Nf6 4. d4 exd4 5. e5 Ne4 6. Qe2 Nc5 7. O-O Ne6 8. Rd1 d5 9. exd6 Bxd6 10. c3 O-O 11. cxd4 Re8 12. Qc2 Nexd4 13. Nxd4 Nxd4 14. Qd2 Qh4 15. h3 c5 16. Nc3 Bxh3 17. Qg5 Qxg5 18. Bxg5 Bg4 19. f3 Be6 20. Bxe6 Rxe6 21. Ne4 Bf8 22. Be3 f5 23. Bxd4 cxd4 24. Nf2 Re2 25. Nd3 Rc8 26. Rac1 Rxc1 27. Rxc1 Rd2 28. Ne5 d3 29. Rc3 Rd1+ 30. Kf2 d2 31. Ke2 Re1+ 32. Kxd2 Rxe5 33. Rc7 Re7 34. Rc8 Kf7 35. Kd3 g6 36. Kc4 b6 37. Kd5 Re2 38. Rc7+ Be7 39. g4 Rxb2 40. gxf5 gxf5 41. a4 a5 42. Ke5 Rb4 43. Kxf5 Rxa4 44. Rb7 Rb4 45. Ke5 a4 46. f4 Rb5+ 47. Ke4 a3 48. Ra7 Ra5 49. Rb7 a2 50. f5 0-1


[Site "https://www.chess.com"]

[Event "Titled Tuesday Blitz May 9 Early 2023"]
[White "Abdilkhair, Abilmansur"]
[Black "ArtemDyachuk"]
[WhiteFideId "13716417"]
[WhiteElo "2215"]
[BlackElo "2535"]
[Result "1-0"]
[Round "08"]
[TimeControl "180+2"]
[Date "2023.05.09"]
[WhiteClock "0:00:50"]
[BlackClock "0:00:00"]

1. g3 d5 2. Bg2 e5 3. c4 dxc4 4. Qa4+ c6 5. Qxc4 Be6 6. Qc2 Nf6 7. Nc3 Bc5 8. Nf3 Bb6 9. O-O Nbd7 10. Rd1 O-O 11. d4 exd4 12. Nxd4 Bg4 13. h3 Bh5 14. Nf5 Bg6 15. Bg5 Re8 16. e4 h6 17. Bxf6 gxf6 18. Nxh6+ Kh7 19. Ng4 Kg7 20. Qd2 Re7 21. Qh6+ Kg8 22. Rd6 Bc7 23. Rxf6 Qf8 24. Rf3 Qxh6 25. Nxh6+ Kg7 26. Nf5+ Bxf5 27. Rxf5 Ne5 28. Rd1 Re6 29. f4 Nc4 30. Rd7 Bb6+ 31. Kh2 Rf8 32. b3 Ne3 33. Rg5+ Kh6 34. Rxb7 1-0


[Site "https://www.chess.com"]

[Event "Titled Tuesday Blitz May 9 Early 2023"]
[White "Toktomushev, Teimur"]
[Black "Vlassov, Nikolai"]
[WhiteFideId "14176726"]
[BlackFideId "4103360"]
[WhiteElo "2116"]
[BlackElo "2324"]
[Result "0-1"]
[Round "08"]
[TimeControl "180+2"]
[Date "2023.05.09"]
[WhiteClock "0:00:00"]
[BlackClock "0:00:13"]

1. d4 Nf6 2. c4 Nc6 3. Nf3 e6 4. Nc3 Bb4 5. Bd2 O-O 6. e3 d6 7. a3 Bxc3 8. Bxc3 Ne4 9. Qc2 Nxc3 10. Qxc3 Qe7 11. Be2 e5 12. O-O Bg4 13. Rfe1 Rae8 14. h3 Bh5 15. b4 e4 16. Ne5 dxe5 17. Bxh5 exd4 18. exd4 Qg5 19. Be2 f5 20. b5 Ne7 21. Qg3 Qf6 22. Qxc7 f4 23. Qe5 Qxe5 24. dxe5 Ng6 25. Bh5 Rxe5 26. Bxg6 hxg6 27. Rad1 Rf7 28. Rd4 Rfe7 29. f3 exf3 30. Rxe5 Rxe5 31. Rxf4 fxg2 32. Kxg2 Re3 33. Rf3 Re2+ 34. Kg3 Rc2 35. Rf4 Rc3+ 36. Kg4 Rxa3 37. Kg5 Rg3+ 38. Kh4 Rc3 39. Rd4 Kh7 40. Rd7 Rxc4+ 41. Kg3 b6 42. Rxa7 Rc5 43. Rb7 Rxb5 44. Kg2 g5 45. Kg3 Kg6 46. Kg4 Rb4+ 47. Kg3 Kf6 48. Rb8 Rb1 49. Rf8+ Kg6 50. Rb8 b5 51. Rb6+ Kf5 52. Rb8 Rb3+ 53. Kg2 b4 54. Rb5+ Kf4 55. Kh2 Rb2+ 56. Kg1 b3 57. Kf1 Ke3 58. Rxg5 Kd3 59. Rg3+ Kc2 60. Rg2+ Kc1 61. Rxg7 Rc2 62. Rb7 b2 63. h4 b1=Q 64. Rxb1+ Kxb1 65. h5 Rc5 66. h6 Rh5 0-1


[Site "https://www.chess.com"]

[Event "Titled Tuesday Blitz May 9 Early 2023"]
[White "Bruedigam, Martin"]
[Black "Rottenwohrer Suarez, Juan"]
[WhiteFideId "24608033"]
[BlackFideId "32068182"]
[WhiteElo "2331"]
[BlackElo "2174"]
[Result "1-0"]
[Round "08"]
[TimeControl "180+2"]
[Date "2023.05.09"]
[WhiteClock "0:00:48"]
[BlackClock "0:00:00"]

1. d4 Nf6 2. c4 g6 3. f3 Bg7 4. e4 d6 5. Nc3 c6 6. Be3 a6 7. a4 a5 8. Qd2 Na6 9. Rd1 O-O 10. Nge2 Qc7 11. Nc1 e5 12. d5 cxd5 13. cxd5 Nb4 14. Nd3 Nd7 15. Nxb4 axb4 16. Nb5 Qa5 17. b3 Nc5 18. Bxc5 dxc5 19. Bc4 h5 20. O-O Kh7 21. Qf2 Qb6 22. d6 Bd7 23. Rd5 Bc6 24. Qxc5 Qxc5+ 25. Rxc5 Bh6 26. Kf2 f5 27. exf5 Rxf5 28. Rd1 Rd8 29. Na7 e4 30. Rxf5 gxf5 31. Nxc6 bxc6 32. fxe4 fxe4 33. d7 Bf4 34. Bf7 Kh6 35. Be8 Bc7 36. Ke3 Bxh2 37. Kxe4 Bc7 38. Rh1 Kg5 39. Rxh5+ Kg4 40. Rc5 Kg3 41. Rxc6 Ba5 42. Rc8 Kxg2 43. Kd5 Kf3 44. Kc6 Ke4 45. Kb5 1-0


[Site "https://www.chess.com"]

[Event "Titled Tuesday Blitz May 9 Early 2023"]
[White "Manukian, Artak"]
[Black "Moore, Nicholas"]
[WhiteFideId "13301373"]
[BlackFideId "4303709"]
[WhiteElo "2130"]
[BlackElo "2526"]
[Result "1-0"]
[Round "08"]
[TimeControl "180+2"]
[Date "2023.05.09"]
[WhiteClock "0:00:22"]
[BlackClock "0:00:22"]

1. e4 c5 2. Nf3 e6 3. c3 Nf6 4. e5 Nd5 5. d4 cxd4 6. cxd4 d6 7. Nc3 Nxc3 8. bxc3 Qc7 9. Bd2 Bd7 10. Bd3 Bc6 11. O-O Nd7 12. Re1 Ke7 13. Bg5+ Ke8 14. Qe2 dxe5 15. dxe5 Bc5 16. Nd4 Bxd4 17. cxd4 Nb6 18. Rac1 Qd7 19. Qg4 h5 20. Qf4 Nd5 21. Qg3 Kf8 22. h4 Ne7 23. Red1 Rc8 24. Bb1 Qd5 25. Rc5 Qd7 26. Qa3 f6 27. exf6 gxf6 28. Bxf6 Rg8 29. Bg5 Kf7 30. Re5 Bd5 31. Be4 Nc6 32. Qf3+ Ke8 33. Rxd5 exd5 34. Bxd5 Rg7 35. Qxh5+ Kf8 36. Qh8+ 1-0


[Site "https://www.chess.com"]

[Event "Titled Tuesday Blitz May 9 Early 2023"]
[White "Boldoo, Erdenepurev"]
[Black "Jimenez Almeida, Luis David"]
[WhiteFideId "4901037"]
[BlackFideId "22242244"]
[WhiteElo "2299"]
[BlackElo "2245"]
[Result "1-0"]
[Round "08"]
[TimeControl "180+2"]
[Date "2023.05.09"]
[WhiteClock "0:01:30"]
[BlackClock "0:00:31"]

1. d4 g6 2. c4 Bg7 3. h4 c5 4. d5 b5 5. h5 bxc4 6. h6 Bf6 7. e3 Ba6 8. Nc3 d6 9. Bxc4 Bxc4 10. Qa4+ Nd7 11. Qxc4 Nb6 12. Qb5+ Qd7 13. Qxd7+ Kxd7 14. Nge2 e6 15. dxe6+ fxe6 16. e4 Nc4 17. b3 Ne5 18. Rh3 Ne7 19. f4 N5c6 20. Bb2 Rab8 21. e5 dxe5 22. Ne4 Rhf8 23. Nxc5+ Ke8 24. Nxe6 exf4 25. Nxf8 Bxb2 26. Rb1 Kxf8 27. Rxb2 g5 28. Rh5 Rb5 29. Nxf4 Re5+ 30. Re2 Ra5 31. Rxg5 1-0


[Site "https://www.chess.com"]